 Dungeon Crawl Stone Soup version 0.29-a0-416-g83a48905f1 (webtiles) character file.

Game seed: 9939489471139122174

535 hquester the Skirmisher (level 7, -1/52 HPs)
             Began as a Demonspawn Warper on May 16, 2022.
             Succumbed to an orc wizard's poison
             ... on level 4 of the Dungeon.
             The game lasted 00:13:58 (2524 turns).

hquester the Skirmisher (Demonspawn Warper)         Turns: 2524, Time: 00:13:58

Health: -1/52      AC:  5    Str: 12    XL:     7   Next: 4%
Magic:  19/19      EV: 12    Int: 14    God:
Gold:   194        SH:  0    Dex: 14    Spells: 10/10 levels left

rFire   . . .      SeeInvis .   v - +0 short sword (freeze)
rCold   . . .      Faith    .   (no shield)
rNeg    . . .      Spirit   .   b - +0 leather armour
rPois   .          Reflect  .   (no helmet)
rElec   .          Harm     .   (no cloak)
rCorr   .          Rampage  .   i - +0 pair of gloves
Will    .....                   p - +0 pair of boots
Stlth   ++........              h - amulet of regeneration
HPRegen 0.97/turn               j - ring of magical power
MPRegen 0.16/turn               (no ring)

@: lethally poisoned (-1 -> -7), flying
A: claws 2, hooves 1
a: no special abilities


You were on level 4 of the Dungeon.
You visited 1 branch of the dungeon, and saw 4 of its levels.

You collected 194 gold pieces.

Inventory:

Hand Weapons
 v - a +0 short sword of freezing (weapon)
Missiles
 d - 7 boomerangs of dispersal (quivered)
 n - 2 throwing nets
Armour
 b - a +0 leather armour (worn)
 i - a +0 pair of gloves (worn)
 p - a +0 pair of boots (worn)
Jewellery
 a - a ring of protection from fire
 h - an amulet of regeneration (around neck)
 j - a ring of magical power (left hand)
Scrolls
 c - a scroll of blinking
 g - a scroll of silence {unknown}
 k - a scroll of enchant weapon {unknown}
 q - a scroll of amnesia {unknown}
Potions
 f - a potion of cancellation
 l - a potion of magic
 m - 2 potions of mutation
 o - 2 potions of brilliance
 u - a potion of lignification


   Skills:
 + Level 3.5 Fighting
 + Level 3.2 Short Blades
 - Level 0.9 Throwing
 + Level 2.7 Armour
 + Level 3.2 Dodging
 + Level 2.5 Stealth
 + Level 2.3 Unarmed Combat
 - Level 2.0 Spellcasting
 - Level 2.7 Translocations


You had 10 spell levels left.
You didn't know any spells.
Your spell library contained the following spells:

 Spells                   Type           Power      Damage    Failure   Level
 Blink                    Tloc           16%        N/A       16%         2
 Gell's Gravitas          Tloc           8%         N/A       30%         3
 Lesser Beckoning         Tloc           8%         N/A       30%         3
 Teleport Other           Tloc           8%         N/A       30%         3
 Manifold Assault         Tloc           8%         N/A       95%         5
 Dispersal                Tloc           4%         N/A       100%        6
 Disjunction              Tloc           4%         N/A       100%        8


Dungeon Overview and Level Annotations

Branches:
Dungeon (4/15)
 Temple: D:4-7

Altars:
Zin


Innate Abilities, Weirdness & Mutations

You have very sharp fingernails.
You have large cloven feet.


Message History

Reactivating autopickup.
You feel a bit more experienced.
You feel sick.
You are no longer poisoned.
Deactivating autopickup; reactivate with Ctrl-A.
You miss something. You closely miss something.
You hear some strange, mumbled words.
A magic dart appears from out of thin air!
The magic dart hits you!
* * * LOW HITPOINT WARNING * * *
You hit something. You freeze something. Something hits you.
* * * LOW HITPOINT WARNING * * *
You are poisoned.
You hit something. You freeze something.
You feel sick. Something hits you but does no damage.
You hit something but do no damage.
You feel sick. Something hits you.
* * * LOW HITPOINT WARNING * * *
You are lethally poisoned!
It was a potion of flight.
You feel very buoyant.
You fly up into the air.
* * * LOW HITPOINT WARNING * * *
You feel very sick. Something hits you.
* * * LOW HITPOINT WARNING * * *
It was a potion of heal wounds.
You feel much better.
You feel very sick.
You hear some strange, mumbled words.
A puff of flame appears from out of thin air!
The puff of flame hits you!
* * * LOW HITPOINT WARNING * * *
Unknown command.
Something hits you but does no damage.
You are lethally poisoned!
* * * LOW HITPOINT WARNING * * *
You feel very sick. Something hits you.
* * * LOW HITPOINT WARNING * * *
x2 You feel very sick.
You die...

#.####.# #.# #.####.# ...
.....#.# #.# #.##.#.# ...
#......# ####.### #)# #.#
#.# ####.##### #.#
#.....@..# ####.####
#.##.###{# +# #.......#
#.##.# #S# ... #.##.##.#
#.##.###.# .... #....##.#
#.##...#)# .....
#...###.###.##.....###......
..........)..........'......
#...###.######.....###......
#.......# ###.### .....


There were no monsters in sight!

Vanquished Creatures
  Grinder (D:4)
  2 hounds (D:4)
  A jelly (D:4)
  A gnoll shaman (D:4)
  4 orc wizards (D:4)
  2 adders (D:3)
  6 gnolls
  A worm (D:4)
  A dart slug (D:3)
  10 orcs
  5 bats
  6 endoplasms
  4 giant cockroaches
  2 hobgoblins
  4 kobolds
  4 ball pythons
  4 frilled lizards
  5 goblins
  A rat (D:1)
64 creatures vanquished.

Notes
Turn   | Place    | Note
-------+----------+-------------------------------------------
     0 | D:1      | hquester the Demonspawn Warper began the quest for the Orb.
     0 | D:1      | Reached XP level 1. HP: 16/16 MP: 3/3
     2 | D:1      | Noticed a human
     2 | D:1      | Noticed a naga
     5 | D:1      | Noticed an ogre
     5 | D:1      | Noticed an octopode
     7 | D:1      | Noticed a ghoul
     9 | D:1      | Noticed an elf
    13 | D:1      | Noticed a spriggan
    13 | D:1      | Noticed a tengu
    15 | D:1      | Noticed a vine stalker
    15 | D:1      | Noticed a merfolk
    17 | D:1      | Noticed a vampire
    17 | D:1      | Noticed a felid
    19 | D:1      | Noticed a dwarf
    19 | D:1      | Noticed a gargoyle
    21 | D:1      | Noticed a demigod
    21 | D:1      | Noticed a draconian
    23 | D:1      | Noticed a minotaur
    23 | D:1      | Noticed a troll
    25 | D:1      | Noticed a formicid
    25 | D:1      | Noticed a demonspawn
   525 | D:1      | Reached skill level 1 in Armour
   622 | D:1      | Discovered your monstrous ancestry.
   622 | D:1      | Gained mutation: You have sharp fingernails. [demonic
                  | ancestry]
   622 | D:1      | Reached XP level 2. HP: 22/22 MP: 5/5
   846 | D:2      | You fall into a shaft and drop 1 floor!
  1137 | D:3      | Found a faded altar of an unknown god.
  1224 | D:3      | Reached XP level 3. HP: 13/27 MP: 6/6
  1228 | D:3      | Reached skill level 1 in Stealth
  1283 | D:3      | Gained mutation: You have large cloven feet. [demonic
                  | ancestry]
  1283 | D:3      | Reached XP level 4. HP: 34/34 MP: 7/7
  1559 | D:3      | Reached skill level 1 in Unarmed Combat
  1864 | D:4      | Reached XP level 5. HP: 20/39 MP: 8/8
  2155 | D:4      | Noticed Grinder
  2179 | D:4      | Killed Grinder
  2180 | D:4      | Gained mutation: You have very sharp fingernails. [demonic
                  | ancestry]
  2180 | D:4      | Reached XP level 6. HP: 17/47 MP: 9/9
  2401 | D:4      | Reached XP level 7. HP: 10/52 MP: 10/10
  2520 | D:4      | HP: 1/52 [something (3)]
  2524 | D:4      | Succumbed to an orc wizard's poison

Illustrated notes

Levels and vault maps discovered:
D:1:      kb_arrival_jail, layout_basic
D:2:      kennysheep_big_flooded_room, layout_rooms, basic_altar,
          hangedman_abyss_or_decor_lesser_grid, serial_park_tiny_2,
          kennysheep_generic_room_10, uniq_terence, uniq_robin
D:3:      minmay_spotlight, layout_basic, general_overflow_altar,
          ebering_ecumenical_altar_mist
D:4:      layout_loops_corners, kennysheep_generic_room_3, uniq_grinder

Skill      XL: |  1  2  3  4  5 |
---------------+----------------+-----
Armour         | 1 2 |  2.7
Dodging        | 2 3 |  3.2
Short Blades   | 2 3 |  3.2
Stealth        | 1 2 |  2.5
Unarmed Combat | 1 2 |  2.3
Fighting       | 3 |  3.5
Throwing       | |  0.9
Spellcasting   | |  2.0
Translocations | |  2.7

Action                   |  1- 3 |  4- 6 |  7- 9 || total
-------------------------+-------+-------+-------++-------
Melee: Short sword       |   156 |   215 |    22 ||   393
       Punch             |       |     4 |       ||     4
  Use: Scroll            |       |    12 |       ||    12
       Potion            |       |     4 |     2 ||     6
 Stab: Sleeping          |       |     4 |       ||     4
       Invisible         |       |     1 |       ||     1
Armor: Leather armour    |    55 |    46 |    17 ||   118
Dodge: Dodged            |   106 |    87 |     4 ||   197

Table legend: (Time is in decaauts)
 A = Elapsed time spent in this place.
 B = Non-inter-level travel time spent in this place.
 C = Inter-level travel time spent in this place.
 D = Time resting spent in this place.
 E = Time spent auto-exploring this place.
 F = Levels seen in this place.
 G = Mean time per level.
                   A        B        C        D        E       F      G
               +--------+--------+--------+--------+--------+-----+--------+
         Total |   2513 |   2483 |     30 |     13 |   1592 |   4 |  628.2 |
       Dungeon |   2513 |   2483 |     30 |     13 |   1592 |   4 |  628.2 |
               +--------+--------+--------+--------+--------+-----+--------+

Top non-repeatable levels by time:
     D:3: 914 daAuts
     D:1: 761 daAuts
     D:4: 753 daAuts
     D:2: 83 daAuts
